 Dungeon Crawl Stone Soup version 0.32-a0-872-g59262bdc9b (webtiles) character file.

Game seed: 5252783137035515618

2 601d51SH the Sneak (level 1, 0/19 HPs)
             Began as a Mountain Dwarf Delver on Mar 30, 2024.
             Succumbed to an adder's poison
             ... on level 2 of the Dungeon.
             The game lasted 00:01:18 (237 turns).

601d51SH the Sneak (Mountain Dwarf Delver)           Turns: 237, Time: 00:01:18

Health: 0/19       AC:  3    Str: 14    XL:     1   Next: 25%
Magic:  1/1        EV: 10    Int: 10    God:
Gold:   68         SH:  3    Dex: 11    Spells: 0/0 levels left

rFire   . . .        a - +0 mace
rCold   . . .        k - +0 buckler
rNeg    . . .        b - +0 leather armour
rPois   .            (no helmet)
rElec   .            (no cloak)
rCorr   .            (no gloves)
SInv    .            (no boots)
Will    .....        (no amulet)
Stlth   ++           (no ring)
HPRegen 0.23/turn    (no ring)
MPRegen 0.07/turn

%: no passive effects
@: lethally poisoned (0 -> -6)
A: runic magic, artefact enchanting
a: no special abilities


You were on level 2 of the Dungeon.
You visited 1 branch of the dungeon, and saw 4 of its levels.

You collected 68 gold pieces.

Inventory:

Hand Weapons
 a - a +0 mace (weapon)
Armour
 b - a +0 leather armour (worn)
 k - a +0 buckler (worn)
Wands
 g - a wand of digging (3)
Scrolls
 c - a scroll of fog
 d - a scroll of revelation
 e - a scroll of fear
 h - 2 scrolls of identify {unknown}
Potions
 f - a potion of haste
 i - 2 potions of might {unknown}
 j - a potion of resistance {unknown}


   Skills:
 + Level 3.2 Fighting
 + Level 2.6 Maces & Flails
 + Level 1.3 Dodging
 + Level 3.7 Stealth


You couldn't memorise any spells.
You didn't know any spells.
Your spell library was empty.

Dungeon Overview and Level Annotations

Branches:
Dungeon (5/15)             Temple (0/1) D:5

Altars:


Innate Abilities, Weirdness & Mutations

Your spellcasting is much less encumbered by armour.
You can use scrolls of enchantment on lesser artefacts.


Message History

A rat comes into view.
The adder hisses angrily.
The rat squeaks loudly.
There is an open door here.
The adder closely misses you.
You hit the adder but do no damage. The adder bites you but does no damage.
You barely miss the adder. The adder barely misses you.
The adder bites you but does no damage.
You closely miss the adder. The adder closely misses you.
You block the rat's attack. The adder bites you.
You are poisoned.
The adder poisons you!
You closely miss the adder.
You feel sick. The rat barely misses you.
The adder bites you but does no damage.
You barely miss the adder.
You feel sick. The adder bites you.
You are more poisoned.
The adder poisons you! The rat bites you but does no damage.
The adder closely misses you. The rat bites you.
You closely miss the adder.
You feel sick. The adder bites you but does no damage.
The rat bites you but does no damage. The adder barely misses you.
You hit the adder.
The adder is heavily wounded.
You feel sick. The adder bites you but does no damage.
The rat barely misses you.
You miss the adder.
The adder is heavily wounded.
You feel sick. The adder bites you.
You are lethally poisoned!
The adder poisons you! The rat misses you. The adder barely misses you.
The rat closely misses you.
You barely miss the adder.
The adder is heavily wounded.
* * * LOW HITPOINT WARNING * * *
You feel very sick. The adder completely misses you. The adder bites you.
* * * LOW HITPOINT WARNING * * *
The rat barely misses you.
You hit the adder but do no damage.
The adder is heavily wounded.
You die...

##.....##
##.......##
#.........###
+............
#..........
#.......#
#...S.# #.@r#
##'####.##
#........
#####.###.###
#...#.##
#......##
#.......# #
##.#.†.##.###
#.##.#......


You could see an adder and a rat.

Vanquished Creatures
  A goblin (D:2)
  A rat (D:2)
2 creatures vanquished.

Notes
Turn   | Place    | Note
-------+----------+-------------------------------------------
     0 | D:5      | 601d51SH the Mountain Dwarf Delver began the quest for the
                  | Orb.
     0 | D:5      | Reached XP level 1. HP: 19/19 MP: 1/1
    14 | D:5      | Found a staircase to the Ecumenical Temple.
    43 | D:4      | Noticed a phantom
   237 | D:2      | Succumbed to an adder's poison

Illustrated notes

Levels and vault maps discovered:
D:2:      layout_loops_corners, grunt_decor_resistance, minmay_heptomino_l4
D:3:      layout_loops_ring, chequers_temple_overflow_statue_of_worship,
          guppyfry_early_orc_mine, uniq_grinder, uniq_ijyb
D:4:      layout_basic
D:5:      layout_loops_ring, eat_drink_and_be_merry_uskayaw,
          mainiacjoe_overflow_alcove_2, vehumet_altar_wand_db,
          minmay_temple_entry_mini_moons, uniq_crazy_yiuf_cottage, uniq_sigmund

Action                     || total
---------------------------++-------
  Melee: Mace              ||    12
 Armour: Leather armour    ||    12
  Dodge: Dodged            ||    15
  Block: Buckler           ||     1

Table legend: (Time is in decaauts)
 A = Elapsed time spent in this place.
 B = Non-inter-level travel time spent in this place.
 C = Inter-level travel time spent in this place.
 D = Time resting spent in this place.
 E = Time spent auto-exploring this place.
 F = Levels seen in this place.
 G = Mean time per level.
                   A        B        C        D        E       F      G
               +--------+--------+--------+--------+--------+-----+--------+
         Total |    239 |    239 |      0 |      0 |      0 |   4 |   59.8 |
       Dungeon |    239 |    239 |      0 |      0 |      0 |   4 |   59.8 |
               +--------+--------+--------+--------+--------+-----+--------+

Top non-repeatable levels by time:
     D:2: 151 daAuts
     D:5: 34 daAuts
     D:3: 30 daAuts
     D:4: 23 daAuts
